 Dungeon Crawl Stone Soup version 0.17-a0-2027-gcac42c4 (webtiles) character file.

499 Ijustatesigmund the Sneak (level 7, -8/43 HPs)
             Began as an Octopode Transmuter on Oct 10, 2015.
             Was an Initiate of Cheibriados.
             Mangled by an ogre
             ... wielding a +0 giant club
              (28 damage)
             ... on level 5 of the Dungeon.
             The game lasted 00:22:10 (5559 turns).

Ijustatesigmund the Sneak (Octopode Transmuter)     Turns: 5559, Time: 00:22:10

Health: -8/43      AC:  4    Str: 11    XL:     7   Next: 16%
Magic:  10/10      EV: 17    Int: 18    God:    Cheibriados [......]
Gold:   26         SH:  0    Dex: 13    Spells: 4 memorised, 2 levels left

rFire  . . .     SeeInvis .     h - +4 hunting sling
rCold  . . .     Clarity  .     (no shield)
rNeg   . . .     SustAt   .     (helmet restricted)
rPois  .         Gourm    .     q - amulet of rage
rElec  .         Spirit   .     l - +3 ring of protection
rCorr  .         Warding  .     i - +5 ring of evasion
rMut   .         Stasis   .     (no ring)
MR     .....                    (no ring)
Stlth  ++........               (no ring)
                                (no ring)
                                (no ring)
                                (no ring)

@: glowing, very slow, not resistant to hostile enchantments, unstealthy
A: almost no armour, amphibious, 8 rings, constrict 8, camouflage 1, gelatinous
body 1
a: Bend Time, Renounce Religion, Evoke Berserk Rage


You were on level 5 of the Dungeon.
You worshipped Cheibriados.
Cheibriados was noncommittal.
You were full.

You visited 2 branches of the dungeon, and saw 6 of its levels.

You collected 195 gold pieces.
You spent 169 gold pieces at shops.

Inventory:

Hand Weapons
 e - a +0 dagger
 h - a +4 hunting sling (weapon)
Missiles
 a - 31 arrows
 g - 198 stones (quivered)
Jewellery
 i - a +5 ring of evasion (right tentacle)
 l - a +3 ring of protection (left tentacle)
 q - an amulet of rage (around mantle)
 s - an uncursed ring of ice
Wands
 r - a wand of random effects (30)
Scrolls
 o - a scroll of fear
 t - a scroll of enchant armour
 A - 2 scrolls of remove curse
Potions
 d - a potion of curing {unknown}
 j - a potion of flight
 m - 4 potions of lignification
 n - a potion of brilliance
 v - 2 potions of degeneration {unknown}
 x - a potion of haste {unknown}
 z - a potion of ambrosia {unknown}
Books
 b - a book of Changes

   Spells                             Type                      Level
   a - Beastly Appendage              Transmutation                1
   b - Sticks to Snakes               Transmutation                2
   c - Spider Form                    Transmutation/Poison         3
   d - Ice Form                       Ice/Transmutation            4
   e - Blade Hands                    Transmutation                5
 u - a book of Debilitation

   Spells                             Type                      Level
   a - Corona                         Hexes                        1
   b - Slow                           Hexes                        2
   c - Gell's Gravitas                Hexes/Translocation          3
   d - Inner Flame                    Hexes/Fire                   3
   e - Cause Fear                     Hexes                        4
   f - Leda's Liquefaction            Hexes/Earth                  4
 y - a book of Conjurations

   Spells                             Type                      Level
   a - Magic Dart                     Conjuration                  1
   b - Searing Ray                    Conjuration                  2
   c - Dazzling Spray                 Conjuration/Hexes            3
   d - Fulminant Prism                Conjuration/Hexes            4
   e - Iskenderun's Mystic Blast      Conjuration                  4
   f - Iskenderun's Battlesphere      Conjuration/Charms           5
Comestibles
 c - 2 bread rations
 f - 6 fruits
 k - 3 meat rations


   Skills:
 - Level 1.0 Fighting
 - Level 2.0 Short Blades
 + Level 2.7 Slings
 - Level 2.0 Dodging
 - Level 4.0 Stealth
 - Level 3.0 Unarmed Combat
 - Level 2.0 Spellcasting
 + Level 3.9 Transmutations
 + Level 3.1 Poison Magic
 - Level 3.0 Evocations


You had 2 spell levels left.
You knew the following spells:

 Your Spells              Type           Power        Failure   Level  Hunger
a - Beastly Appendage     Trmt           ###...       4%          1    #......
b - Sticks to Snakes      Trmt           ###.......   8%          2    ###....
c - Spider Form           Trmt/Pois      ##........   14%         3    ###....
d - Searing Ray           Conj           #.....       28%         2    ###....


Dungeon Overview and Level Annotations

Branches:
Dungeon (5/15)             Temple (1/1) D:4

Altars:
Ashenzari
Cheibriados
Dithmenos
Elyvilon
Fedhas
Gozag
Kikubaaqudgha
Nemelex Xobeh
Okawaru
Qazlal
Ru
Sif Muna
Trog
Vehumet
Xom
Yredelemnul
Zin

Shops:
D:4 *


Innate Abilities, Weirdness & Mutations

You cannot wear most types of armour.
You are amphibious.
You can wear up to eight rings at the same time.
You can use your tentacles to constrict eight enemies at once.
Your skin changes colour to match your surroundings (Stealth).
Your rubbery body absorbs attacks (AC +1).


Message History

The ogre is severely wounded.
Firing (i - inventory. (,) - cycle):
p - 2 sling bullets (quivered)
Press: ? - help, Shift-Dir - straight line, f/p - ogre
Aim: an ogre, wielding a giant club (severely wounded)
You shoot a sling bullet.
The sling bullet barely misses the ogre.
Firing (i - inventory. (,) - cycle):
p - a sling bullet (quivered)
Press: ? - help, Shift-Dir - straight line, f/p - ogre
Aim: an ogre, wielding a giant club (severely wounded)
You shoot a sling bullet. The sling bullet hits the ogre.
The ogre is severely wounded.
The ogre hits you with a giant club!!
Ouch! That really hurt!
Firing (i - inventory):
g - 199 stones (quivered)
Press: ? - help, Shift-Dir - straight line, f/p - ogre
Aim: an ogre, wielding a giant club (severely wounded)
You shoot a stone. The stone closely misses the ogre.
The ogre hits you with a giant club!!
Ouch! That really hurt!
You die...

#.# ### #.# ..####.#
### #....#.# ..
#.gg.#.############.#
#...g#............#.#
#(...#...((.........#
#..(.#((((.(.O@.....#
#....'(#'#..######..#
##...###.#..#.......#
#...
#.#..#.####.###.##
+...
.........<.........
#...
#.#..####..........
###. ......
+.......... #.
.[...## #..........
#. ... +..........


You could see an ogre.

Vanquished Creatures
  A scorpion (D:4)
  An orc priest (D:3)
  2 hounds
  A giant frog skeleton (D:4)
  A gnoll shaman (D:5)
  Ijyb (D:2)
  A worker ant (D:4)
  5 adders
  7 gnolls
  An ooze (D:3)
  4 worms
  3 giant geckos
  8 orcs
  2 giant cockroaches
  8 hobgoblins
  12 jackals
  15 kobolds
  A ball python (D:3)
  7 bats
  A giant gecko skeleton (D:4)
  5 giant newts
  9 goblins
  A quokka (D:2)
  10 rats
107 creatures vanquished.

Vanquished Creatures (collateral kills)
  An orc (D:3)
  A rat (D:3)
2 creatures vanquished.

Grand Total: 109 creatures vanquished

Notes
Turn   | Place    | Note
--------------------------------------------------------------
     0 | D:1      | Ijustatesigmund the Octopode Transmuter began the quest for the Orb.
     0 | D:1      | Reached XP level 1. HP: 13/13 MP: 3/3
    23 | D:1      | Reached skill level 1 in Stealth
   213 | D:1      | Reached XP level 2. HP: 11/18 MP: 5/5
   217 | D:1      | Learned a level 2 spell: Sticks to Snakes
   696 | D:1      | Reached skill level 1 in Short Blades
  1054 | D:1      | Reached XP level 3. HP: 23/23 MP: 6/6
  1062 | D:1      | Learned a level 3 spell: Spider Form
  1744 | D:2      | Reached XP level 4. HP: 25/28 MP: 7/7
  1774 | D:2      | Found a basalt altar of Yredelemnul.
  1993 | D:2      | Noticed Ijyb
  2005 | D:2      | Killed Ijyb
  2005 | D:2      | Reached skill level 1 in Slings
  2005 | D:2      | Reached skill level 4 in Stealth
  2284 | D:2      | Reached XP level 5. HP: 29/33 MP: 8/8
  2337 | D:2      | Found a deep blue altar of Sif Muna.
  2385 | D:3      | Reached skill level 1 in Evocations
  2754 | D:3      | Found a sparkling altar of Nemelex Xobeh.
  3714 | D:3      | Found a radiant altar of Vehumet.
  3892 | D:4      | Found Lyninal's Assorted Antiques.
  3900 | D:4      | Bought a scroll labeled GOASOL UTAMU for 25 gold pieces
  3900 | D:4      | Bought a scroll labeled YNIUJYUPSI for 25 gold pieces
  3900 | D:4      | Bought a scroll of identify for 50 gold pieces
  3900 | D:4      | Bought a red potion for 22 gold pieces
  3900 | D:4      | Bought a metallic dark potion for 22 gold pieces
  3900 | D:4      | Bought a scroll labeled RUXIHE VIR LUE for 25 gold pieces
  4026 | D:4      | Reached skill level 1 in Poison Magic
  4026 | D:4      | Reached XP level 6. HP: 24/38 MP: 9/9
  4595 | D:4      | Found a blossoming altar of Fedhas.
  5194 | D:4      | Found a glowing silver altar of Zin.
  5339 | D:4      | Found a staircase to the Ecumenical Temple.
  5356 | Temple   | Entered the Ecumenical Temple
  5369 | Temple   | Became a worshipper of Cheibriados the Contemplative
  5437 | D:5      | Entered Level 5 of the Dungeon
  5446 | D:5      | Reached XP level 7. HP: 43/43 MP: 10/10
  5450 | D:5      | Learned a level 2 spell: Searing Ray
  5559 | D:5      | Mangled by an ogre

Vault maps used:
D:1:      dpeg_arrival_shrine
D:2:      yredelemnul_altar_generic, lemuel_blue_sif_altar, corner_web_ring,
          uniq_iyjb
D:3:      lemuel_crystal_altar, first_bread, nemelex_dance_club_becter
D:4:      zin_statuary, temple_hall, serial_shops, nicolae_shop_stone,
          fedhas_altar_fruit_tree
D:5:      lemuel_upstairs_altar, minivault_24, uniq_menkaure
Temple:   circular_temple_13

Action                   |  1- 3 |  4- 6 |  7- 9 || total
-------------------------+-------+-------+-------++-------
Melee: Unarmed           |    16 |       |       ||    16
       Dagger            |    60 |   105 |       ||   165
 Fire: Hunting sling     |    53 |    90 |    20 ||   163
Throw: Stone             |       |     9 |       ||     9
 Cast: Sticks to Snakes  |       |     2 |       ||     2
  Use: Scroll            |     5 |    10 |       ||    15
 Stab: Sleeping          |     5 |    10 |       ||    15
  Eat: Chunk             |     2 |     5 |       ||     7
       Beef jerky        |       |     3 |       ||     3
       Meat ration       |       |     1 |       ||     1
       Royal jelly       |       |     1 |       ||     1
